[Event "*** Titled Tuesday Blitz"]
[Site "Chess.com"]
[Date "2019.04.02"]
[Round "4"]
[White "Bigfish1995"]
[Black "dreamist"]
[Result "0-1"]
[WhiteElo "2900"]
[BlackElo "2710"]
[TimeControl "180+2"]
[EndTime "14:48:52 PDT"]
[Termination "dreamist won on time"]

1. e4 c5 2. Nf3 d6 3. d4 Nf6 4. dxc5 Qa5+ 5. Bd2 Qxc5 6. Nc3 e6 7. Bd3 a6 8. Qe2 Nbd7 9. Be3 Qc7 10. a4 b6 11.
O-O Be7 12. Nd2 Bb7 13. f4 O-O 14. g4 Nc5 15. g5 Nfd7 16. Bc4 Nxe4 17. Ndxe4 d5 18.
Bd3 dxe4 19. Bxe4 Bxe4 20. Nxe4 Nc5 21. Nc3 Rad8 22. Qc4 Rd7 23. Rae1 Qb7 24. f5 exf5 25. Rxf5 Ne6 26. Nd5 Rfd8 27. Rd1 Bc5 28. Bxc5 bxc5 29. Re5 Nd4 30. Rxd4 cxd4 31. Qe2 Qb8 32. Ne7+ Kf8 33. Nc6 Qb6 34. Nxd8 d3+ 35. Qf2 Qxf2+ 36. Kxf2 d2 0-1

[Event "*** Titled Tuesday Blitz"]
[Site "Chess.com"]
[Date "2019.04.02"]
[Round "4"]
[White "TomsKantans"]
[Black "INDIAN-ELEPHANT"]
[Result "0-1"]
[WhiteElo "2633"]
[BlackElo "2715"]
[TimeControl "180+2"]
[EndTime "14:48:52 PDT"]
[Termination "INDIAN-ELEPHANT won on time"]

1. e4 e5 2. Nf3 Nc6 3. Bb5 Nf6 4.
O-O Nxe4 5. Re1 Nd6 6. Nxe5 Nxe5 7. Rxe5+ Be7 8. Bf1 O-O 9. d4 Bf6 10. Re1 Re8 11. Rxe8+ Nxe8 12. d5 b6 13. c3 Bb7 14.
Bf4 Qe7 15. Na3 Qe4 16. Bg3 Qxd5 17. Qa4 Qc6 18. Qg4 Nd6 19. Rd1 Ne4 20. Qxd7 Nxg3 21.
hxg3 g6 22. Nb5 Be5 23. Qe7 Re8 24. Rd8 Rxd8 25. Qxd8+ Kg7 26. Nxa7 Qc5 27. Qg5 h6 28.
Qh4 Qa5 29. Nb5 Qxa2 30. Qc4 Qxb2 31. Nxc7 Qxc3 0-1

[Event "*** Titled Tuesday Blitz"]
[Site "Chess.com"]
[Date "2019.04.02"]
[Round "4"]
[White "maestroza"]
[Black "medalja"]
[Result "1-0"]
[WhiteElo "2485"]
[BlackElo "2288"]
[TimeControl "180+2"]
[EndTime "14:48:53 PDT"]
[Termination "maestroza won by resignation"]

1. e4 e5 2. Nc3 Nf6 3. Bc4 Nc6 4. d3 Be7 5. f4 d6 6. Nf3 Bg4 7. h3 Bxf3 8. Qxf3 Nd4 9. Qf2 Nh5 10. Bxf7+ Kxf7 11. fxe5+ Ke8 12. O-O dxe5 13. Qf7+ Kd7 14. Qxh5 Nxc2 15. Rb1 Bf6 16. Nd5 Kc8 17. Qf5+ Kb8 18.
Nxf6 gxf6 19. Qxf6 a5 20. Bg5 Qd4+ 21. Kh2 Ka7 22.
Qf2 Nb4 23. Be3 c5 24. Bxd4 cxd4 25. Qd2 Rac8 26. Rbc1 Rhg8 27. a3 Nc6 28. Rf7 Rg6 29. Rc5 Kb6 30. Qc2 Rcg8 31. g4 h5 32. Qc4 Na7 33. Rcc7 1-0

[Event "*** Titled Tuesday Blitz"]
[Site "Chess.com"]
[Date "2019.04.02"]
[Round "4"]
[White "WanderingPuppet"]
[Black "Witik"]
[Result "0-1"]
[WhiteElo "2402"]
[BlackElo "2615"]
[TimeControl "180+2"]
[EndTime "14:48:54 PDT"]
[Termination "Witik won by resignation"]

1. e4 c6 2. Nc3 d5 3. Nf3 Bg4 4. d4 e6 5. Bd3 Nf6 6. h3 Bh5 7. O-O Be7 8. Re1 O-O 9. e5 Nfd7 10. Ne2 Bxf3 11. gxf3 c5 12. c3 Nc6 13. Kh1 cxd4 14.
cxd4 Bg5 15. f4 Bh6 16. Rg1 g6 17. Kh2 Rc8 18. Be3 f5 19. a3 Qh4 20. Rg3 Rf7 21.
Qb3 Nb6 22. a4 Na5 23. Qb5 Nac4 24. a5 a6 25. Qb4 Nxe3 26. fxe3 Nc4 27. Rc1 Rfc7 28. b3 Nxe3 29. Rxc7 Rxc7 30. Qd6 Nf1+ 31. Kg2 Nxg3 32. Qxc7 Nxe2 33. Qc8+ Kf7 34. Qd7+ Qe7 35. Qxe7+ Kxe7 36. Bxe2 Bxf4 37. Kf3 Bd2 38. Bd3 Bxa5 39. Bc2 Bc3 40. Ke3 g5 41. Kd3 Bb2 42. Bd1 a5 43.
Bh5 b5 44. Bd1 Kf7 45. Bh5+ Kf8 46. Bd1 Kg7 47. Bh5 a4 48. bxa4 bxa4 49. Bd1 a3 50.
Bb3 h5 51. Ke3 Kg6 52. Kf3 g4+ 0-1

[Event "*** Titled Tuesday Blitz"]
[Site "Chess.com"]
[Date "2019.04.02"]
[Round "4"]
[White "12teen"]
[Black "JonahWillow"]
[Result "0-1"]
[WhiteElo "2636"]
[BlackElo "2695"]
[TimeControl "180+2"]
[EndTime "14:48:56 PDT"]
[Termination "JonahWillow won by checkmate"]

1. e4 c5 2. Nc3 Nc6 3. g3 g6 4. Bg2 Bg7 5. f4 e6 6. d3 Nge7 7. h4 d6 8. h5 Nd4 9. Nf3 Nec6 10. Ne2 Bd7 11. c3 Nxf3+ 12. Bxf3 e5 13. Be3 Qa5 14.
Qd2 O-O-O 15. a3 Kb8 16. Kf2 f5 17. b4 Qc7 18. Rhb1 fxe4 19. dxe4 exf4 20. gxf4 gxh5 21. bxc5 dxc5 22. Bxc5 Bg4 23. Qe3 Bxf3 24. Qxf3 Rd2 25. Be3 Rc2 26. Rc1 Rxc1 27. Rxc1 Qe7 28. Qxh5 Qxe4 29. Qf7 Re8 30. Ng3 Qxe3+ 31. Kg2 Bh6 32. Rb1 Qe7 33. Qd5 Qc7 34. f5 Rd8 35. Qe6 Bf4 36.
Ne4 Ne5 37. f6 Qd7 38. Nc5 Qxe6 39. Nxe6 Rd2+ 40. Kh3 Rh2# 0-1

[Event "*** Titled Tuesday Blitz"]
[Site "Chess.com"]
[Date "2019.04.02"]
[Round "4"]
[White "Mbneu"]
[Black "Aemulus20"]
[Result "0-1"]
[WhiteElo "2306"]
[BlackElo "2506"]
[TimeControl "180+2"]
[EndTime "14:48:58 PDT"]
[Termination "Aemulus20 won by resignation"]

1. d4 Nf6 2. c4 e6 3. Nc3 Bb4 4. Bg5 h6 5. Bh4 Nc6 6. e3 g5 7.
Bg3 Ne4 8. Rc1 h5 9. Bd3 Nxc3 10.
bxc3 Ba3 11. h4 Bxc1 12. Qxc1 d6 13. hxg5 Qxg5 14. Nf3 Qa5 15. Bh4 Bd7 16. O-O e5 17. Nd2 f5 18. c5 dxc5 19. Nc4 Qxa2 20. d5 Ne7 21. Nxe5 Qxd5 22. f4 Rg8 23. Rf2 Bc6 24. Bf1 Ng6 25. Bc4 Nxh4 26. Bxd5 Bxd5 27. Qd1 O-O-O 28.
Qxh5 Nxg2 29. Qxf5+ Kb8 30. Nd7+ Rxd7 31. Qxd7 Nxe3+ 32.
Kh2 Ng4+ 33. Kg1 Nf6+ 0-1

[Event "*** Titled Tuesday Blitz"]
[Site "Chess.com"]
[Date "2019.04.02"]
[Round "4"]
[White "olksuna"]
[Black "Vice64"]
[Result "1-0"]
[WhiteElo "2527"]
[BlackElo "2558"]
[TimeControl "180+2"]
[EndTime "14:49:05 PDT"]
[Termination "olksuna won by checkmate"]

1. c4 c5 2. Nc3 Nc6 3. g3 g6 4. Bg2 Bg7 5. Nf3 e5 6. O-O d6 7. a3 a5 8. d3 Nge7 9. Ne1 Be6 10. Nc2 d5 11. cxd5 Nxd5 12. Ne3 Nde7 13. Nc4 O-O 14. Qa4 Rb8 15. Bg5 f6 16. Be3 Nd4 17. Qxa5 b6 18. Qa6 f5 19. Bg5 Qc7 20. Bxe7 Qxe7 21. e3 Nb3 22. Rad1 Rfd8 23. Qb5 Na5 24. Nxa5 bxa5 25. Qxa5 Rxb2 26. Na4 Rc2 27. Rc1 Rxc1 28. Rxc1 Rxd3 29.
Nxc5 Rd8 30. e4 f4 31. Nxe6 Qxe6 32. Qxd8+ Bf8 33. Bf1 Kg7 34. Rc7+ Kh6 35. Qh4# 1-0

[Event "*** Titled Tuesday Blitz"]
[Site "Chess.com"]
[Date "2019.04.02"]
[Round "4"]
[White "JSMastropiero"]
[Black "XiaoKangZhong"]
[Result "1-0"]
[WhiteElo "2258"]
[BlackElo "2114"]
[TimeControl "180+2"]
[EndTime "14:49:07 PDT"]
[Termination "JSMastropiero won by resignation"]

1. d4 Nf6 2. Nf3 g6 3. g3 Bg7 4.
Bg2 O-O 5. c4 e6 6. O-O d5 7.
Qc2 b6 8. Ne5 Bb7 9. Nc3 Nbd7 10. Rd1 a6 11. Bg5 h6 12. Nxd7 Qxd7 13. Bf4 Rfd8 14.
Be5 Rac8 15. Rac1 Ba8 16. c5 Qe7 17. b4 a5 18. a3 axb4 19. axb4 bxc5 20. bxc5 Bc6 21.
Ra1 Ra8 22. Rdb1 Qd7 23. Qb2 Kh7 24. e3 Qe7 25. Rxa8 Rxa8 26. Ra1 Qd8 27. Rxa8 Bxa8 28. Qa3 Bc6 29. Qa7 Ng4 30. Bxc7 Qe7 31. h3 Nf6 32. Qb6 Qd7 33. Be5 Ne8 34. Bxg7 Kxg7 35. Bf1 Nc7 36. Na2 f6 37. Nb4 Ba4 38. Qa7 Bc6 39. Nxc6 Qxc6 40. Bb5 Qxb5 41. Qxc7+ Kh8 42. Qd8+ Kg7 43.
Qe7+ Kh8 44. Qxf6+ Kh7 45. Qf7+ Kh8 46. Qxe6 Qb1+ 47.
Kg2 Kg7 48. Qxd5 Kf6 49. Qe5+ Kf7 50. c6 Qc2 51. c7 Qc6+ 52. d5 Qc5 53. Qe6+ Kg7 54.
c8=Q 1-0

[Event "*** Titled Tuesday Blitz"]
[Site "Chess.com"]
[Date "2019.04.02"]
[Round "4"]
[White "Roenko_Artur"]
[Black "kikoveiga"]
[Result "1-0"]
[WhiteElo "2279"]
[BlackElo "2181"]
[TimeControl "180+2"]
[EndTime "14:49:09 PDT"]
[Termination "Roenko_Artur won by resignation"]

1. e4 e5 2. Nf3 Nc6 3. d4 exd4 4.
Nxd4 Bc5 5. Be3 Qf6 6. c3 Nge7 7.
Bc4 O-O 8. O-O Ne5 9. Be2 d6 10. f4 N5g6 11. Nd2 Re8 12. Kh1 Nc6 13. e5 dxe5 14. Ne4 Qh4 15. Nf3 Qh6 16. Nxc5 exf4 17.
Bf2 Bg4 18. Nxb7 Rab8 19. Nc5 Rxb2 20. Re1 Qh5 21. Nd3 Rb5 22. Nd4 Bxe2 23. Rxe2 Rxe2 24. Qxe2 Qxe2 25. Nxe2 Rd5 26. Ndxf4 Rd2 27. Be3 Rb2 28.
a4 Nge5 29. h3 g5 30. Bc1 Rc2 31. Nd4 Rxc3 32. Nxc6 Nxc6 33. Ne2 Rc2 34. Ng3 Nd4 35. Bxg5 Nb3 36. Rd1 Rc3 37. Kh2 Kg7 38. Rd7 Kg6 39. Bf4 Nc5 40. Rd5 Nxa4 41. Rg5+ Kf6 42. Ne4+ Ke6 43. Nxc3 Nxc3 44. Rc5 Nd5 45. Bxc7 Ne7 46.
Bg3 a6 47. Ra5 f5 48. Rxa6+ Kd5 49. Ra7 Ke4 50. Rxe7+ 1-0

[Event "*** Titled Tuesday Blitz"]
[Site "Chess.com"]
[Date "2019.04.02"]
[Round "4"]
[White "Lennis93"]
[Black "vovachesss"]
[Result "1-0"]
[WhiteElo "2362"]
[BlackElo "2516"]
[TimeControl "180+2"]
[EndTime "14:49:12 PDT"]
[Termination "Lennis93 won by resignation"]

1. e4 c5 2. Nf3 a6 3. c3 d5 4.
exd5 Nf6 5. d4 cxd4 6. Qxd4 Nxd5 7. Bc4 e6 8. Bxd5 Qxd5 9. Qxd5 exd5 10. O-O Nc6 11.
Re1+ Be7 12. Be3 Bf5 13. Nbd2 O-O-O 14. Nd4 Bg6 15. N2b3 Rhe8 16. Nxc6 bxc6 17. Bb6 Rd6 18. f3 Re6 19. Kf2 Bd6 20. g3 Bd3 21. Nd4 Rxe1 22.
Rxe1 Rxe1 23. Kxe1 Kb7 24. Ba5 c5 25. Ne2 Kc6 26. Kd2 Bb1 27. a4 Ba2 28. Kc2 Bc4 29. Nc1 Bf1 30. Kd2 h5 31. Ke1 Bh3 32. Kf2 Bf5 33.
Ke3 Bc2 34. b3 h4 35. Kd2 Bg6 36. Ne2 f6 37. Bd8 Kd7 38. Bb6 Kc6 39. a5 Bf7 40.
gxh4 Bxh2 41. b4 cxb4 42. Nd4+ Kd6 43. cxb4 Bf4+ 44. Kc3 Bg6 45. b5 axb5 46. a6 b4+ 47. Kxb4 Bd2+ 48. Kb3 Be3 49. a7 Bxd4 50. Bxd4 1-0

[Event "*** Titled Tuesday Blitz"]
[Site "Chess.com"]
[Date "2019.04.02"]
[Round "4"]
[White "IMRosen"]
[Black "SARGISMV"]
[Result "1-0"]
[WhiteElo "2544"]
[BlackElo "2452"]
[TimeControl "180+2"]
[EndTime "14:49:13 PDT"]
[Termination "IMRosen won by checkmate"]

1. d4 Nf6 2. Bf4 g6 3. Nc3 d5 4.
e3 Bg7 5. h4 c6 6. Nf3 Bg4 7. Be2 Nbd7 8. Ne5 Bxe2 9. Qxe2 h5 10. O-O-O Qa5 11. Kb1 Nxe5 12. Bxe5 O-O-O 13. e4 dxe4 14.
Nxe4 Rhe8 15. Ng5 Rf8 16. Rh3 Bh6 17. Ra3 Qb6 18. Rb3 Qa5 19. Nf3 Qd5 20. Re1 Ng4 21.
Bg3 e6 22. Ra3 a6 23. Rb3 Bg7 24. c3 Rfe8 25. Nd2 e5 26. Nc4 Qe6 27. Nb6+ Kc7 28. f3 Qf5+ 29. Ka1 Nh6 30. Qc4 Re6 31. a4 Qc2 32. d5 Red6 33. Rxe5 Nf5 34. Rxf5 gxf5 35.
dxc6 bxc6 36. Qxf7+ Rd7 37. Qxd7+ Kb8 38. Qc8+ Ka7 39.
Qa8# 1-0

[Event "*** Titled Tuesday Blitz"]
[Site "Chess.com"]
[Date "2019.04.02"]
[Round "4"]
[White "51616516516"]
[Black "kasparicy"]
[Result "1/2-1/2"]
[WhiteElo "2219"]
[BlackElo "2330"]
[TimeControl "180+2"]
[EndTime "14:49:13 PDT"]
[Termination "Game drawn by agreement"]

1. c4 e5 2. g3 Nc6 3. Bg2 d6 4. Nc3 f5 5. e3 Nf6 6. d4 e4 7. b4 Be7 8. b5 Nb8 9. Bb2 O-O 10. Nge2 c6 11. O-O Nbd7 12. Nf4 Nb6 13. Qb3 Kh8 14. a4 d5 15. cxd5 Nbxd5 16. Ncxd5 Nxd5 17. Nxd5 cxd5 18.
Ba3 Bxa3 19. Qxa3 Be6 20. Rac1 Qd7 21. Rc3 Rac8 22. Rfc1 h6 23. h4 Rxc3 24. Qxc3 Rc8 25. Qxc8+ Qxc8 26. Rxc8+ Bxc8 27. f3 g5 28. hxg5 hxg5 29.
fxe4 fxe4 30. Kf2 Kg7 31. Ke2 b6 32. Kd2 Kf6 33. Bf1 Bd7 34. Be2 Ke7 35. Kc3 Kd6 36. Kb4 Be6 37. a5 g4 38. a6 Bd7 39. Kc3 Be6 40.
Kd2 Bd7 41. Ke1 1/2-1/2

[Event "*** Titled Tuesday Blitz"]
[Site "Chess.com"]
[Date "2019.04.02"]
[Round "4"]
[White "Martins-BR"]
[Black "KRASAVCHIK2002"]
[Result "0-1"]
[WhiteElo "2253"]
[BlackElo "2398"]
[TimeControl "180+2"]
[EndTime "14:49:15 PDT"]
[Termination "KRASAVCHIK2002 won by resignation"]

1. e4 c5 2. Nf3 d6 3. d4 cxd4 4.
Nxd4 Nf6 5. Nc3 a6 6. Bg5 e6 7. f4 Qb6 8. Nb3 Nbd7 9. Qf3 Be7 10. O-O-O Qc7 11. Bd3 b5 12. a3 Bb7 13. g4 O-O 14. Bh4 Nc5 15. g5 Nfd7 16. Nd4 Nxd3+ 17. cxd3 d5 18.
Nc2 Rfc8 19. Rd2 Nc5 20. Kb1 Nb3 21. Re2 d4 22. Nd1 b4 23. axb4 a5 24. b5 a4 25.
Nf2 a3 26. Nxa3 Bxa3 27. bxa3 Qc3 28. Rb2 Rxa3 0-1

[Event "*** Titled Tuesday Blitz"]
[Site "Chess.com"]
[Date "2019.04.02"]
[Round "4"]
[White "Rap_woyska"]
[Black "Supernotar"]
[Result "1-0"]
[WhiteElo "2546"]
[BlackElo "2566"]
[TimeControl "180+2"]
[EndTime "14:49:15 PDT"]
[Termination "Rap_woyska won by resignation"]

1. c4 c5 2. Nf3 Nc6 3. Nc3 g6 4. e3 Nf6 5. d4 cxd4 6. exd4 d5 7. cxd5 Nxd5 8. Qb3 Nxc3 9. Bc4 e6 10. bxc3 Bg7 11. Ba3 Ne7 12. Bb5+ Bd7 13. Ne5 Bxe5 14. dxe5 Bxb5 15.
Qxb5+ Qd7 16. Qb4 Nd5 17. Qh4 Qb5 18. O-O-O Rc8 19. Rxd5 Rxc3+ 20. Kd2 Qxd5+ 21. Kxc3 Qxe5+ 22. Qd4 Qa5+ 23. Bb4 Qc7+ 24. Kb2 e5 25. Re1 f6 26. f4 Kf7 27. fxe5 Rd8 28. Qc3 Qb6 29. e6+ Kg7 30. e7 Rd4 31. e8=Q Rxb4+ 32. Ka1 a5 33. Re7+ Kh6 34.
Qe3+ Qxe3 35. Rxe3 Rg4 36. Qf8+ 1-0

[Event "*** Titled Tuesday Blitz"]
[Site "Chess.com"]
[Date "2019.04.02"]
[Round "4"]
[White "SavelijTartakover"]
[Black "Floatingdream1"]
[Result "1-0"]
[WhiteElo "2598"]
[BlackElo "2811"]
[TimeControl "180+2"]
[EndTime "14:49:21 PDT"]
[Termination "SavelijTartakover won by resignation"]

1. d4 Nf6 2. Bg5 d5 3. e3 c5 4.
c3 Nc6 5. Nd2 Qb6 6. Qb3 c4 7.
Qc2 g6 8. Bxf6 exf6 9. e4 dxe4 10. Qxe4+ Be7 11. Nxc4 Qc7 12. Nf3 Bf5 13. Qe3 O-O-O 14. Bd3 Be6 15. O-O Rhe8 16. a4 Bd5 17. Qh6 Bxf3 18.
Qh3+ f5 19. Qxf3 Bd6 20. h3 Re7 21. a5 Kb8 22. a6 b6 23. Rfe1 Rde8 24. Rxe7 Rxe7 25.
Ne3 Re6 26. Bc4 Re8 27. Bb5 Re4 28. Nd5 Bh2+ 29. Kh1 Qd6 30. Bxc6 Qxc6 31. Nb4 Qd6 32. g3 Bxg3 33. Qxg3 f4 34. Qf3 f5 35. Nd3 g5 36. Re1 Qd5 37. Kg1 Qe6 38. Kf1 Qd5 39. b3 Qe6 40. c4 h5 41. Qxh5 Qf6 42. Rxe4 fxe4 43. Qe8+ Kc7 44. Qxe4 1-0

[Event "*** Titled Tuesday Blitz"]
[Site "Chess.com"]
[Date "2019.04.02"]
[Round "4"]
[White "NM2019"]
[Black "Saitama_Hero"]
[Result "1-0"]
[WhiteElo "2172"]
[BlackElo "2218"]
[TimeControl "180+2"]
[EndTime "14:49:21 PDT"]
[Termination "NM2019 won on time"]

1. e4 c5 2. Nf3 g6 3. g3 Bg7 4. Bg2 Nc6 5. O-O d6 6. c3 Bg4 7. h3 Bd7 8. Re1 Qc8 9. Kh2 h5 10. d4 cxd4 11. cxd4 Nh6 12. Be3 e5 13. d5 Ne7 14.
Nbd2 f6 15. Rc1 Qd8 16. Nc4 Nc8 17. Qb3 b6 18. Qa3 Nf7 19. Nh4 g5 20. Nf5 Bf8 21.
f4 gxf4 22. gxf4 b5 23. Na5 exf4 24. Bxf4 Ne5 25. Nb7 Qb6 26. Rxc8+ Rxc8 27. Nbxd6+ Bxd6 28. Nxd6+ Kd8 29. Nxc8 Kxc8 30. Rc1+ Kb7 31. Bxe5 fxe5 32.
Qe7 Rd8 33. Qxe5 Re8 34. Qg7 Qd6+ 35. Qg3 Qb6 36. e5 Bf5 37. d6+ Ka6 38. Rc6 1-0

[Event "*** Titled Tuesday Blitz"]
[Site "Chess.com"]
[Date "2019.04.02"]
[Round "4"]
[White "iturrizaga"]
[Black "grzechu96"]
[Result "1-0"]
[WhiteElo "2887"]
[BlackElo "2566"]
[TimeControl "180+2"]
[EndTime "14:49:22 PDT"]
[Termination "iturrizaga won by resignation"]

1. c4 g6 2. g3 Bg7 3. Bg2 c5 4. Nc3 Nc6 5. Nf3 e6 6. d4 cxd4 7. Nb5 d5 8. cxd5 exd5 9. O-O Nf6 10. Nfxd4 O-O 11. Bf4 a6 12. Nxc6 bxc6 13. Nc3 Nh5 14.
Bd2 Rb8 15. b3 Re8 16. Rc1 a5 17. Re1 Ba6 18. Na4 Bb7 19. Nc5 Bc8 20. e4 Nf6 21. Bf4 Rb4 22. exd5 Nxd5 23. Rxe8+ Qxe8 24. Bd2 Rd4 25. Qe1 Qxe1+ 26. Bxe1 Bf8 27. Bf3 Bh6 28. Rd1 Rxd1 29.
Bxd1 Bf8 30. Nd3 Nb4 31. Ne5 Nxa2 32. Nxc6 Bb4 33. Bxb4 axb4 34. Ne7+ Kf8 35. Nxc8 Nc3 36. Bf3 Ke8 37. Nb6 1-0

[Event "*** Titled Tuesday Blitz"]
[Site "Chess.com"]
[Date "2019.04.02"]
[Round "4"]
[White "Joseph_Truelson"]
[Black "samdanov"]
[Result "1-0"]
[WhiteElo "2281"]
[BlackElo "2178"]
[TimeControl "180+2"]
[EndTime "14:49:23 PDT"]
[Termination "Joseph_Truelson won by resignation"]

1. d4 Nf6 2. Nc3 d5 3. Bf4 a6 4. e3 Bf5 5. f3 h5 6. Bd3 Bxd3 7. Qxd3 e6 8. Nge2 Bd6 9. O-O Bxf4 10. Nxf4 g5 11.
Nfe2 Nc6 12. e4 Qe7 13. exd5 exd5 14. Rae1 O-O-O 15. a3 Qd7 16. b4 h4 17. b5 axb5 18. Nxb5 h3 19. g3 Rhe8 20. Nec3 Re6 21. Qf5 Rxe1 22.
Qxd7+ Kxd7 23. Rxe1 Ra8 24. Kf2 Ra5 25. Ke3 Nd8 26.
a4 c6 27. Na3 b5 28. Rb1 Ne6 29. Rb3 bxa4 30. Rb4 c5 31. dxc5 d4+ 32. Rxd4+ Nxd4 33. Kxd4 Kc6 34. Nc4 Ra7 35. Ne5+ Kc7 36. Nb5+ Kc8 37.
Nxa7+ Kb8 38. Nb5 1-0

[Event "*** Titled Tuesday Blitz"]
[Site "Chess.com"]
[Date "2019.04.02"]
[Round "4"]
[White "MikaelyanArman"]
[Black "Zhuu96"]
[Result "0-1"]
[WhiteElo "2752"]
[BlackElo "2965"]
[TimeControl "180+2"]
[EndTime "14:49:28 PDT"]
[Termination "Zhuu96 won by resignation"]

1. e4 c5 2. Nc3 d6 3. f4 a6 4. Nf3 b5 5. g3 Bb7 6. d3 g6 7. Bg2 Bg7 8. O-O Nf6 9. h3 Nc6 10. g4 b4 11. Ne2 O-O 12. Ng3 Nd7 13. h4 Nd4 14. g5 e6 15. h5 f5 16. exf5 gxf5 17.
h6 Bh8 18. Nxd4 Bxd4+ 19. Kh2 Bxg2 20. Kxg2 Qe8 21. Qf3 Nb6 22. c3 bxc3 23. bxc3 Bxc3 24. Rb1 Rb8 25. Bb2 Bxb2 26. Rxb2 Nd5 27. Re2 Rb4 28. Nh5 Qg6 29. Kg3 Kh8 30. Kh2 Rg8 31. Rfe1 e5 32. Qxd5 Qxh5+ 33. Kg1 Rxf4 34. Rg2 Rg4 35. Re2 R4xg5 36.
Qxd6 Rxg2+ 37. Rxg2 Rxg2+ 38. Kxg2 Qg6+ 39. Qxg6 hxg6 40.
d4 exd4 0-1

[Event "*** Titled Tuesday Blitz"]
[Site "Chess.com"]
[Date "2019.04.02"]
[Round "4"]
[White "emperor87"]
[Black "Quiet_Desperation"]
[Result "1-0"]
[WhiteElo "2644"]
[BlackElo "2420"]
[TimeControl "180+2"]
[EndTime "14:49:29 PDT"]
[Termination "emperor87 won by resignation"]

1. Nf3 Nf6 2. g3 e6 3. Bg2 Be7 4. O-O O-O 5. c4 d5 6. d4 c6 7. Nbd2 Nbd7 8. Rb1 b6 9. b4 Bb7 10. b5 c5 11. Ne5 Nxe5 12. dxe5 Nd7 13. cxd5 Bxd5 14. e4 Bb7 15. Nc4 Qc7 16. f4 Rfd8 17. Qc2 Nf8 18. Be3 Rd7 19. a4 Rad8 20. Rfd1 Rxd1+ 21. Rxd1 Rxd1+ 22. Qxd1 Qd7 23. Qc2 h5 24. h4 g6 25. Bf3 f5 26. exf6 Bxf6 27. Kf2 Bd4 28. Qd3 e5 29. fxe5 Ne6 30. Ke2 Qg7 31. Nd6 Bxe3 32.
Kxe3 Nd4 33. Qc4+ Kh8 34. Qf7 Qxf7 35. Nxf7+ Kg7 36. Nd6 Ba8 37. Bg2 Kf8 38. Bh3 Ke7 39.
g4 hxg4 40. Bxg4 Kd8 41. Kf4 Kc7 42. Kg5 Bb7 43. Kxg6 c4 44. Nxc4 Bxe4+ 45. Kg7 Bc2 46. h5 Bxa4 47. h6 Bc2 48. e6 Kd8 49. Kf8 Nxe6+ 50. Bxe6 Kc7 51. Kg7 a5 52. bxa6 b5 53. Na3 Bd3 54. Nxb5+ Kb6 55. Nd6 Kxa6 56. Bf5 1-0

[Event "*** Titled Tuesday Blitz"]
[Site "Chess.com"]
[Date "2019.04.02"]
[Round "4"]
[White "HanSchut"]
[Black "Atanejhad"]
[Result "1-0"]
[WhiteElo "2185"]
[BlackElo "2195"]
[TimeControl "180+2"]
[EndTime "14:49:35 PDT"]
[Termination "HanSchut won by resignation"]

1. e4 c5 2. Nf3 g6 3. c4 Nc6 4.
d4 cxd4 5. Nxd4 Nf6 6. Nc3 Nxd4 7.
Qxd4 d6 8. Bg5 Bg7 9. Qd2 O-O 10. Rc1 Be6 11. Be2 Qa5 12. O-O Rfc8 13. b3 a6 14. f4 h6 15. Bh4 Kh7 16. Qe3 Qc5 17.
Qxc5 dxc5 18. e5 Ng8 19. Nd5 Bxd5 20. cxd5 b5 21. Bf2 g5 22. g3 gxf4 23. gxf4 Rd8 24.
Bf3 Rac8 25. Rxc5 Rxc5 26. Bxc5 e6 27. d6 f6 28. Bb6 Rb8 29. d7 fxe5 30. d8=Q Rxd8 31.
Bxd8 exf4 32. Be4+ Kh8 33. Rxf4 Bd4+ 34. Kg2 e5 35.
Rf8 Kg7 36. Re8 Nf6 37. Bxf6+ Kxf6 1-0

[Event "*** Titled Tuesday Blitz"]
[Site "Chess.com"]
[Date "2019.04.02"]
[Round "4"]
[White "MatthewG-p4p"]
[Black "MMSANCHEZ"]
[Result "1-0"]
[WhiteElo "2668"]
[BlackElo "2494"]
[TimeControl "180+2"]
[EndTime "14:49:36 PDT"]
[Termination "MatthewG-p4p won by resignation"]

1. Nf3 Nf6 2. b3 g6 3. Bb2 Bg7 4. e3 O-O 5. d4 d5 6. Bd3 c6 7.
O-O Bf5 8. c4 e6 9. Re1 Nbd7 10.
Nc3 Bxd3 11. Qxd3 dxc4 12. bxc4 c5 13. d5 exd5 14. cxd5 Ng4 15. e4 a6 16. a4 Rc8 17.
a5 c4 18. Qc2 Qc7 19. h3 Nge5 20. Nxe5 Nxe5 21. Ne2 Nd3 22. Bxg7 Kxg7 23. Qc3+ f6 24. Reb1 Rfe8 25. Nd4 Nf4 26. f3 Qe5 27. Rxb7+ Kh6 28. Kh1 Qg5 29. Ra2 Nh5 30. Ne6 Rxe6 31. dxe6 Rd8 32.
Rd7 Rb8 33. Rd1 Ng3+ 34. Kg1 Re8 35. Qxc4 Kh5 36. Rf2 Qf4 37. Qxa6 Qf5 38. exf5 Nxf5 1-0

[Event "*** Titled Tuesday Blitz"]
[Site "Chess.com"]
[Date "2019.04.02"]
[Round "4"]
[White "PulpanJ"]
[Black "VeraNebolsina"]
[Result "1-0"]
[WhiteElo "2679"]
[BlackElo "2413"]
[TimeControl "180+2"]
[EndTime "14:49:37 PDT"]
[Termination "PulpanJ won by resignation"]

1. e4 c5 2. Nf3 d6 3. d4 cxd4 4.
Nxd4 Nf6 5. Nc3 a6 6. Nb3 g6 7. Be2 Bg7 8. g4 Nc6 9. g5 Nd7 10. h4 a5 11. a4 Qb6 12. Nd5 Qd8 13. h5 e6 14. h6 Be5 15. Ne3 Qxg5 16. Nc4 Qe7 17.
f4 d5 18. exd5 exd5 19. Nxe5 Ndxe5 20. fxe5 Qxe5 21. Qd3 Bf5 22. Qe3 Be4 23. Rf1 Nb4 24.
Bd1 O-O 25. Bd2 Qxb2 26. Bc3 Nxc2+ 27. Bxc2 Qxc2 28. Qd4 f6 29. Rxf6 Rf7 30. Rxg6+ Kf8 31. Rg8+ Ke7 32. Rxa8 Qxb3 33. Qe5+ Kd7 34. Qe8+ Kd6 35.
Be5+ Kc5 36. Rc1+ Kb4 37. Bc3+ Ka3 38. Qxf7 1-0

[Event "*** Titled Tuesday Blitz"]
[Site "Chess.com"]
[Date "2019.04.02"]
[Round "4"]
[White "ruvat"]
[Black "Mikedannnn"]
[Result "0-1"]
[WhiteElo "2289"]
[BlackElo "2516"]
[TimeControl "180+2"]
[EndTime "14:49:38 PDT"]
[Termination "Mikedannnn won by resignation"]

1. d4 Nf6 2. c4 c5 3. d5 e6 4. Nc3 exd5 5. cxd5 Bd6 6. Nf3 O-O 7. Bg5 Re8 8. e3 Bc7 9. Be2 d6 10. O-O Nbd7 11.
Nd2 a6 12. a4 Rb8 13. Rb1 h6 14. Bh4 Nf8 15. Nde4 g5 16. Nxf6+ Qxf6 17. Bg3 Bf5 18.
Ra1 Bd7 19. Bg4 b5 20. Bxd7 Nxd7 21. axb5 axb5 22. Qg4 Ne5 23. Bxe5 Qxe5 24. Rad1 b4 25. Ne2 f5 26. Qh5 Kg7 27. b3 f4 28. Rd3 Ra8 29.
h4 Ra1 30. Rxa1 Qxa1+ 31. Kh2 Qe5 32. f3 fxe3+ 33. Kg1 c4 34. bxc4 Bb6 35. hxg5 hxg5 36. Qg4 Qa1+ 37. Kh2 Qe5+ 38. g3 Re7 39. Kg2 Bc5 40.
Rb3 Ra7 41. f4 Qe4+ 42. Kh3 0-1

[Event "*** Titled Tuesday Blitz"]
[Site "Chess.com"]
[Date "2019.04.02"]
[Round "4"]
[White "ChainsOfFantasia"]
[Black "Arystanner"]
[Result "1/2-1/2"]
[WhiteElo "2423"]
[BlackElo "2549"]
[TimeControl "180+2"]
[EndTime "14:49:39 PDT"]
[Termination "Game drawn by repetition"]

1. d4 Nf6 2. Nf3 d5 3. e3 e6 4. Bd3 c5 5. c3 Nc6 6. O-O Be7 7. Nbd2 O-O 8. dxc5 Bxc5 9. b4 Bd6 10. Bb2 e5 11.
e4 dxe4 12. Nxe4 Nxe4 13. Bxe4 Be6 14. Qe2 f6 15. a3 Rc8 16. Rfd1 Qe7 17. c4 b6 18.
Rac1 Rfd8 19. c5 bxc5 20. bxc5 Bb8 21. Rxd8+ Qxd8 22. Rd1 Qe7 23. Qa6 Nd8 24. Bd5 Kf8 25. Bxe6 Qxe6 26. Qb5 Qc6 27. Qd3 Ne6 28. Qxh7 Qxc5 29. g3 Qc2 30. Rd3 Ke7 31. Nh4 Qxb2 32. Nf5+ Ke8 33. Qg8+ Nf8 34. Nxg7+ Ke7 35. Nf5+ Ke8 36.
Ng7+ Ke7 37. Nf5+ Ke8 38. Ng7+ Ke7 39. Nf5+ Ke8 40. Ng7+ Ke7 41. Nf5+ Ke8 1/2-1/2

[Event "*** Titled Tuesday Blitz"]
[Site "Chess.com"]
[Date "2019.04.02"]
[Round "4"]
[White "Guenplen"]
[Black "iLuusions"]
[Result "1-0"]
[WhiteElo "2914"]
[BlackElo "2626"]
[TimeControl "180+2"]
[EndTime "14:49:42 PDT"]
[Termination "Guenplen won on time"]

1. Nf3 Nf6 2. c4 e6 3. Nc3 d5 4. e3 a6 5. b3 c5 6. cxd5 exd5 7. d4 b6 8. Bb2 Be7 9. Bd3 O-O 10. O-O Bb7 11.
Rc1 Nbd7 12. Ne2 Rc8 13. Ng3 Re8 14. Qe2 b5 15. dxc5 Bxc5 16. Rfd1 Qb6 17. Nd4 Ne5 18.
Bf5 Rc7 19. Bb1 g6 20. h3 Rcc8 21. a3 Ne4 22. Nxe4 dxe4 23. b4 Bd6 24. Ba2 Rxc1 25.
Rxc1 Nd3 26. Rc2 Bb8 27. Ba1 h5 28. Nf5 Rc8 29. Nh6+ Kf8 30. Nxf7 h4 31. Rxc8+ Bxc8 32. Qc2 Be6 33. Ng5 Bxa2 34. Qxa2 1-0